 Dungeon Crawl Stone Soup version 0.32-a0-40-g2adb59ae06 (webtiles) character file.

Game seed: 5810374881152139378

23800 pokeman the Eclecticist (level 12, -15/68 HPs)
             Began as a Deep Elf Hedge Wizard on Jan 24, 2024.
             Was an Elder of Vehumet.
             Demolished by an ironbound frostheart (42 damage)
             ... on level 13 of the Dungeon.
             The game lasted 00:41:41 (15818 turns).

pokeman the Eclecticist (Deep Elf Hedge Wizard)    Turns: 15818, Time: 00:41:44

Health: -15/68     AC: 21    Str:  7    XL:     12   Next: 75%
Magic:  30/36      EV: 11    Int: 31    God:    Vehumet [****..]
Gold:   672        SH:  0    Dex: 14    Spells: 26/47 levels left

rFire   x x .        O - +1 demon whip (venom)
rCold   x x .        (no shield)
rNeg    . . .        J - +0 acid dragon scales
rPois   +            C - +2 helmet
rElec   .            (no cloak)
rCorr   +            u - +0 pair of gloves
SInv    .            k - +0 pair of boots
Will    +....        m - amulet of Elemental Vulnerability {rPois rF-- rC-- AC+8}
Stlth   ++           z - +4 ring of slaying
HPRegen 0.31/turn    B - +6 ring of intelligence
MPRegen 0.25/turn

%: no passive effects
@: no status effects
A: no striking features
a: Renounce Religion


You were on level 13 of the Dungeon.
You worshipped Vehumet.
Vehumet was greatly pleased with you.
You visited 2 branches of the dungeon, and saw 14 of its levels.
You also visited: Sewer.

You collected 925 gold pieces.
You spent 253 gold pieces at shops.

Inventory:

Hand Weapons
 O - a +1 demon whip of venom (weapon)
Armour
 k - a +0 pair of boots (worn)
 u - a +0 pair of gloves (worn)
 x - a +0 leather armour of cold resistance
 C - a +2 helmet (worn)
 J - +0 acid dragon scales (worn)
 V - a +0 buckler
Jewellery
 c - a ring of fire
 m - the amulet of Elemental Vulnerability (around neck) {rPois rF-- rC-- AC+8}
   (You found it on level 2 of the Dungeon)

   [amulet of nothing]

   AC+8:      It affects your AC (+8).
   rF--:      It makes you very vulnerable to fire.
   rC--:      It makes you very vulnerable to cold.
   rPois:     It protects you from poison
 n - a ring of fire
 z - a +4 ring of slaying (left hand)
 B - a +6 ring of intelligence (right hand)
 P - a ring of fire
 X - a ring of see invisible
Wands
 M - a wand of quicksilver (9)
Scrolls
 e - 7 scrolls of revelation
 r - 9 scrolls of teleportation
 t - a scroll of acquirement
 w - 3 scrolls of blinking {unknown}
 y - 4 scrolls of immolation {unknown}
 A - 3 scrolls of silence {unknown}
 F - 4 scrolls of enchant weapon {unknown}
 K - 3 scrolls of enchant armour {unknown}
 L - 2 scrolls of summoning {unknown}
 Q - a scroll of vulnerability {unknown}
 R - a scroll of fear {unknown}
Potions
 a - a potion of ambrosia
 b - 4 potions of curing
 d - a potion of magic
 f - a potion of resistance
 o - a potion of haste
 W - a potion of heal wounds


   Skills:
 - Level 5.0 Fighting
 - Level 5.0 Armour
 - Level 3.2 Dodging
 - Level 3.2 Stealth
 + Level 3.1 Shields
 * Level 18.0 Spellcasting
 + Level 10.8 Conjurations
 - Level 1.1 Summonings
 - Level 1.1 Translocations
 + Level 9.8 Fire Magic
 - Level 1.1 Ice Magic
 - Level 1.1 Air Magic
 - Level 1.0 Alchemy
 - Level 2.1 Evocations


You had 26 spell levels left.
You knew the following spells:

 Your Spells              Type           Power      Damage    Failure   Level
a - Magic Dart            Conj           100%       1d8       1%          1
b - Mephitic Cloud        Conj/Alch/Air  53%        N/A       1%          3
c - Call Imp              Summ           68%        N/A       2%          2
d - Blink                 Tloc           68%        N/A       2%          2
e - Foxfire               Conj/Fire      100%       2x1d9     1%          1
f - Ignite Poison         Fire/Alch      57%        N/A       1%          4
g - Freezing Cloud        Conj/Ice/Air   26%        6-21      3%          5
h - Swiftness             Air            35%        N/A       4%          3

Your spell library contained the following spells:

 Spells                   Type           Power      Damage    Failure   Level
 Inner Flame              Hex/Fire       55%        N/A       1%          3
 Sting                    Conj/Alch      100%       1d9       1%          1
 Mercury Vapours          Alch/Air       68%        N/A       1%          2
 Hailstorm                Conj/Ice       59%        3d11      1%          3
 Arcjolt                  Conj/Air       30%        1d40      1%          5
 Slow                     Hex            100%       N/A       2%          1
 Cigotuvi's Dreadful Rot  Necr/Alch/Air  64%        N/A       2%          2
 Ensorcelled Hibernation  Hex/Ice        62%        N/A       3%          2
 Ozocubu's Armour         Ice            34%        N/A       4%          3
 Summon Ice Beast         Ice/Summ       34%        N/A       4%          3
 Olgreb's Toxic Radiance  Alch           34%        N/A       4%          4
 Fugue of the Fallen      Necr           27%        N/A       8%          3
 Passwall                 Erth           27%        N/A       8%          3
 Plasma Beam              Fire/Air       29%        2x1d41    11%         6
 Manifold Assault         Tloc           34%        N/A       16%         4
 Vhi's Electric Charge    Tloc/Air       68%        N/A       16%         4
 Anguish                  Hex/Necr       13%        N/A       24%         4
 Summon Mana Viper        Hex/Summ       31%        N/A       50%         5
 Sculpt Simulacrum        Ice/Alch       17%        N/A       94%         6
 Monstrous Menagerie      Summ           17%        N/A       100%        7


Dungeon Overview and Level Annotations

Branches:
Dungeon (13/15)            Temple (1/1) D:5            Lair (0/5) D:9
    Orc (0/2) D:11          Sewer (visited)
 Vaults: D:13-14

Altars:
Cheibriados
Dithmenos
Elyvilon
Fedhas
Gozag
Hepliaklqana
Kikubaaqudgha
Makhleb
Nemelex Xobeh
Okawaru
Qazlal
Ru
Sif Muna
Trog
Uskayaw
Vehumet
Wu Jian
Xom
Yredelemnul
Zin
The Shining One

Shops:
D:10 [*?

Annotations:
D:3 1 runed translucent door, Newt's ghost, amateur KoHu


Message History

You feel your power returning.
Casting: Freezing Cloud (dangerous; 3% risk of failure)
Confirm with . or Enter, or press ? or * to list all spells.
Aiming: Freezing Cloud (dangerous; 3% risk of failure)
Press: ? - help, Dir - move target, p - human The ironbound frostheart is engulfed in freezing vapours.
The human is engulfed in freezing vapours.
You kill the human!
Vehumet accepts your kill.
You feel your power returning.
The human is engulfed in freezing vapours.
Unknown command.
The ironbound frostheart is engulfed in freezing vapours.
The human is engulfed in freezing vapours.
You kill the human!
Vehumet accepts your kill.
Your life force feels restored.
Your Spellcasting skill increases to level 18!
Unknown command.
Unknown command.
The ironbound frostheart is engulfed in freezing vapours.
The ironbound frostheart is engulfed in freezing vapours.
The ironbound frostheart calls freezing cold from the walls.
The frost grips you!
You feel a terrible chill!
You are encased in ice.
The ironbound frostheart is engulfed in freezing vapours. x2
The ice encasing you melts away.
The ironbound frostheart is engulfed in freezing vapours.
You hit the ironbound frostheart.
The ironbound frostheart is poisoned.
The ironbound frostheart is severely wounded.
The ironbound frostheart is engulfed in freezing vapours.
The ironbound frostheart touches you but does no damage.
You hit the ironbound frostheart but do no damage.
The ironbound frostheart looks as sick as possible!
The ironbound frostheart is almost dead.
The ironbound frostheart is engulfed in freezing vapours.
The ironbound frostheart touches you! The ironbound frostheart freezes you!!!
You feel a terrible chill!
Ouch! That really hurt!
You die...

......(.###.#
###......##.#
..#......##.#
#.#......##.###########
≈.#......##............
~≈~......######.#######
≈≈≈......# #.##§§###
≈≈≈~.....# #..§§§°☼##
≈≈≈~.....# #.@p§§§☼☼☼
≈≈≈~###### #..○☼§°☼##
≈≈≈≈≈ ####§§### ≈≈≈≈##
### ≈≈≈##


You could see an ironbound frostheart (extremely poisoned).

Vanquished Creatures
  A hydra (D:9)
  A boulder beetle (D:11)
  A centaur warrior (D:13)
  6 two-headed ogres
  Amaemon (D:8)
  Pikel (D:7)
  3 cyclopes
  A manticore (D:12)
  A meliai (D:9)
  2 elephants (D:9)
  Joseph (D:8)
  An orange demon (D:8)
  A gargoyle (D:13)
  4 unseen horrors
  Maggie (D:6)
  Jeremiah (D:8)
  A komodo dragon (D:11)
  A kobold demonologist (D:11)
  A tengu conjurer (D:13)
  3 trolls
  Grinder (D:6)
  8 hornets
  2 shadows (D:12)
  A vampire (D:9)
  2 water elementals (D:13)
  4 wraiths
  3 wyverns
  4 yaks (D:9)
  2 humans (D:13)
  3 steam dragons
  Menkaure (D:5)
  A vampire mosquito (D:13)
  2 acid dragons
  A water moccasin (D:5)
  9 orc warriors
  2 sky beasts
  A black bear (D:9)
  3 ice beasts (D:7)
  A laughing skull (D:13)
  4 centaurs
  An ogre (D:11)
  A lemure (D:7)
  5 kobold brigands
  A brain worm (Sewer)
  Blork the orc (D:5)
  6 scorpions
  2 gnoll sergeants (D:9)
  9 bullfrogs
  8 wights
  10 killer bees
  9 howler monkeys
  2 jellies
  A bombardier beetle (D:6)
  3 hounds
  6 gnoll boudas
  2 orc priests
  5 iguanas
  A sleepcap (D:5)
  9 orc wizards
  Robin (D:3)
  6 adders
  14 gnolls
  6 river rats
  A shadow imp (D:6)
  A white imp (D:5)
  2 ufetubi (D:6)
  3 ribbon worms
  5 dart slugs
  28 orcs
  10 ball pythons
  15 bats
  6 endoplasms
  3 giant cockroaches
  14 goblins
  9 hobgoblins
  2 jackals (Sewer)
  9 quokkas
  5 frilled lizards
  10 kobolds
  6 rats
  A foxfire (D:10)
327 creatures vanquished.

Vanquished Creatures (collateral kills)
  A quokka (D:3)
1 creature vanquished.

Vanquished Creatures (others)
  186 foxfires
186 creatures vanquished.

Grand Total: 514 creatures vanquished

Notes
Turn   | Place    | Note
-------+----------+-------------------------------------------
     0 | D:1      | pokeman the Deep Elf Hedge Wizard began the quest for the
                  | Orb.
     0 | D:1      | Reached XP level 1. HP: 10/10 MP: 7/7
   203 | D:1      | Reached XP level 2. HP: 16/16 MP: 3/9
   642 | D:1      | Reached skill level 5 in Spellcasting
   985 | D:1      | Reached XP level 3. HP: 20/20 MP: 7/11
   989 | D:1      | Learned a level 3 spell: Mephitic Cloud
   992 | D:1      | Learned a level 2 spell: Call Imp
   995 | D:1      | Learned a level 2 spell: Blink
  1171 | D:2      | Found the amulet of Elemental Vulnerability {rPois rF--
                  | rC-- AC+8}
  1607 | D:3      | Reached skill level 1 in Fighting
  1625 | D:3      | Found a runed translucent door.
  1632 | D:3      | Reached skill level 1 in Armour
  1781 | D:3      | Reached XP level 4. HP: 17/25 MP: 0/13
  2027 | D:3      | Found a glowing drain.
  2054 | Sewer    | Entered a sewer
  2385 | Sewer    | Noticed a brain worm
  2401 | Sewer    | Killed a brain worm
  2402 | Sewer    | Reached skill level 6 in Spellcasting
  2402 | Sewer    | Reached XP level 5. HP: 29/29 MP: 12/15
  3621 | D:3      | Noticed Newt's ghost (amateur KoHu)
  3641 | D:4      | Noticed Robin
  3657 | D:3      | Killed Robin
  4123 | D:4      | Reached XP level 6. HP: 24/32 MP: 11/17
  4216 | D:4      | Reached skill level 1 in Alchemy
  4273 | D:4      | Reached skill level 1 in Air Magic
  4279 | D:4      | Reached skill level 7 in Spellcasting
  4641 | D:5      | Entered Level 5 of the Dungeon
  4964 | D:5      | Found a sacrificial altar of Ru.
  5062 | D:5      | Found a staircase to the Ecumenical Temple.
  5081 | D:5      | Noticed Menkaure
  5087 | D:5      | Reached XP level 7. HP: 22/39 MP: 15/20
  5094 | D:5      | Killed Menkaure
  5095 | D:5      | Reached skill level 8 in Spellcasting
  5096 | Temple   | Entered the Ecumenical Temple
  5106 | Temple   | Became a worshipper of Vehumet
  5257 | D:5      | Learned a level 4 spell: Ignite Poison
  5263 | D:5      | Learned a level 5 spell: Freezing Cloud
  5443 | D:5      | Noticed Blork the orc
  5448 | D:5      | Killed Blork the orc
  5458 | D:5      | Reached skill level 1 in Fire Magic
  5458 | D:5      | Reached skill level 1 in Ice Magic
  5482 | D:5      | Reached skill level 9 in Spellcasting
  5482 | D:5      | Reached XP level 8. HP: 32/44 MP: 2/23
  5878 | D:6      | Noticed Grinder
  5891 | D:6      | Killed Grinder
  5892 | D:6      | Reached skill level 5 in Conjurations
  6119 | D:6      | Reached skill level 10 in Spellcasting
  6298 | D:6      | Reached * piety under Vehumet
  6298 | D:6      | Offered knowledge of Kiss of Death by Vehumet.
  6425 | D:6      | Noticed Maggie
  6439 | D:6      | Reached XP level 9. HP: 48/48 MP: 6/25
  6441 | D:6      | Killed Maggie
  6442 | D:6      | Reached skill level 11 in Spellcasting
  7012 | D:7      | Noticed Pikel
  7020 | D:7      | Killed Pikel
  7021 | D:7      | Reached skill level 12 in Spellcasting
  7021 | D:7      | Reached skill level 5 in Fire Magic
  7331 | D:7      | Reached skill level 1 in Evocations
  7705 | D:8      | Noticed Jeremiah
  7884 | D:8      | Killed Jeremiah
  7885 | D:8      | Reached XP level 10. HP: 54/54 MP: 23/28
  7988 | D:8      | Noticed an orange demon
  8001 | D:8      | Killed an orange demon
  8002 | D:8      | Reached skill level 13 in Spellcasting
  8028 | D:8      | Noticed Amaemon
  8039 | D:8      | Killed Amaemon
  8261 | D:8      | Reached ** piety under Vehumet
  8265 | D:8      | Offered knowledge of Foxfire by Vehumet.
  8285 | D:8      | Learned a level 1 spell: Foxfire
  8367 | D:8      | Found a bloodstained altar of Trog.
  8367 | D:8      | Found a stormy altar of Qazlal.
  8735 | D:8      | Noticed Joseph
  8746 | D:8      | Killed Joseph
  9045 | D:9      | Noticed an elephant
  9270 | D:9      | Noticed a two-headed ogre
  9280 | D:9      | Killed a two-headed ogre
  9281 | D:9      | Reached skill level 14 in Spellcasting
  9302 | D:9      | Killed an elephant
  9548 | D:9      | Noticed a two-headed ogre
  9549 | D:9      | Noticed a meliai
  9554 | D:9      | Killed a meliai
  9555 | D:9      | Reached XP level 11. HP: 51/61 MP: 24/31
  9559 | D:9      | Killed a two-headed ogre
  9559 | D:9      | Offered knowledge of Volatile Blastmotes by Vehumet.
  9586 | D:9      | Noticed a four-headed hydra
  9594 | D:9      | Killed a four-headed hydra
  9595 | D:9      | Reached skill level 15 in Spellcasting
  9620 | D:9      | Reached *** piety under Vehumet
  9853 | D:9      | Noticed a two-headed ogre
  9862 | D:9      | Killed a two-headed ogre
 10250 | D:9      | Reached skill level 5 in Fighting
 10270 | D:9      | Found a white marble altar of Elyvilon.
 10363 | D:9      | Found a staircase to the Lair.
 10847 | D:10     | Entered Level 10 of the Dungeon
 10859 | D:10     | Offered knowledge of Flame Wave by Vehumet.
 10886 | D:10     | Found Zukijiji's General Store.
 10960 | D:10     | Found a basalt altar of Yredelemnul.
 11286 | D:10     | Noticed a two-headed ogre
 11294 | D:10     | Killed a two-headed ogre
 11295 | D:10     | Reached skill level 16 in Spellcasting
 11363 | D:10     | Found Ukituqye's Antique Armour Shoppe.
 11797 | D:10     | Found Roaqusec's Magic Scroll Boutique.
 11805 | D:10     | Bought a scroll of identify for 26 gold pieces
 11805 | D:10     | Bought a scroll of teleportation for 39 gold pieces
 11805 | D:10     | Bought a scroll of revelation for 97 gold pieces
 11805 | D:10     | Bought a scroll of teleportation for 39 gold pieces
 11805 | D:10     | Bought 2 scrolls of identify for 52 gold pieces
 12415 | D:11     | Reached **** piety under Vehumet
 12745 | D:11     | Reached XP level 12. HP: 68/68 MP: 23/34
 12748 | D:11     | Reached skill level 5 in Armour
 12790 | D:11     | Offered knowledge of Inner Flame by Vehumet.
 12864 | D:11     | Learned a level 3 spell: Swiftness
 12944 | D:11     | Noticed a boulder beetle
 12958 | D:11     | Killed a boulder beetle
 13200 | D:11     | Found a staircase to the Orcish Mines.
 13514 | D:11     | Reached skill level 1 in Shields
 13537 | D:11     | Reached skill level 10 in Conjurations
 13911 | D:12     | Noticed a two-headed ogre
 13915 | D:12     | Killed a two-headed ogre
 13998 | D:12     | Reached skill level 17 in Spellcasting
 14464 | D:12     | Noticed a two-headed ogre
 14469 | D:12     | Killed a two-headed ogre
 15066 | D:13     | Identified a scroll of acquirement
 15272 | D:13     | Paralysed by a hornet for 1 turns
 15735 | D:13     | Noticed a centaur warrior
 15740 | D:13     | Killed a centaur warrior
 15810 | D:13     | Noticed an ironbound frostheart
 15813 | D:13     | Reached skill level 18 in Spellcasting
 15818 | D:13     | Demolished by an ironbound frostheart

Illustrated notes

Levels and vault maps discovered:
D:1:      minmay_arrival_four_loops, layout_rooms, serial_bayou_crossing
D:2:      layout_basic, basic_altar
D:3:      layout_basic, gup_sewer_entry_bubbles, ebering_ghost_reflecting_pool,
          minmay_strange_pillars
D:4:      layout_rooms, uniq_robin
D:5:      layout_loops_cross, mainiacjoe_overflow_catwalk, temple_pool_b,
          uniq_blork_the_orc, uniq_menkaure
D:6:      layout_cave_pools, uniq_maggie, uniq_grinder
D:7:      layout_cave_pools, nicolae_overflow_hidden_temple, uniq_pikel
D:8:      layout_basic, amethyst_overflow_temple_binary, uniq_amaemon,
          uniq_joseph, uniq_jeremiah
D:9:      minmay_skewed_foursquare, layout_loops_cross, elyvilon_altar_1,
          grunt_lair_entry_orc_guard_hut, st_stairs_9, kennysheep_kite_vault
D:10:     layout_stronghold, kennysheep_mini, serial_shops, shop, shop, shop
D:11:     kennysheep_seaside_town, layout_gridville, orc_0_dummy
D:12:     layout_roguey
D:13:     layout_basic, hellmonk_vaults_keyhole, dreamdust_wasp_nest
Temple:   eino_temple_scatter_basement

Skill      XL: |  1  2  3  4  5  6  7  8  9 10 11 12 |
---------------+-------------------------------------+-----
Spellcasting   | 5 6 7 9 10 12 14 16 18 | 18.0
Fighting       | 1 2 4 5 |  5.0
Armour         | 1 3 4 5 |  5.0
Conjurations   | 2 3 4 5 7 8 9 10 | 10.8
Dodging        | 3 |  3.2
Stealth        | 3 |  3.2
Alchemy        | 1 |  1.0
Air Magic      | 1 |  1.1
Fire Magic     | 1 3 5 7 8 9 |  9.8
Ice Magic      | 1 |  1.1
Evocations     | 1 2 |  2.1
Shields        | 3 |  3.1
Summonings     | |  1.1
Translocations | |  1.1

Action                     |  1- 3 |  4- 6 |  7- 9 | 10-12 || total
---------------------------+-------+-------+-------+-------++-------
  Melee: Dagger            |    31 |    88 |    76 |       ||   195
         Punch             |       |     1 |       |     2 ||     3
         Whip              |       |       |     4 |     9 ||    13
         Demon whip        |       |       |       |   164 ||   164
   Cast: Magic Dart        |    91 |   168 |   110 |    19 ||   388
         Mephitic Cloud    |     3 |    13 |    31 |    59 ||   106
         Call Imp          |     1 |       |       |     1 ||     2
         Blink             |       |     1 |       |       ||     1
         Ignite Poison     |       |       |    15 |    33 ||    48
         Foxfire           |       |       |       |   105 ||   105
         Freezing Cloud    |       |       |       |    38 ||    38
  Evoke: Wand              |       |       |     4 |     1 ||     5
    Use: Scroll            |       |       |       |    18 ||    18
   Stab: Confused          |     1 |    10 |    14 |     7 ||    32
 Armour: Robe              |    29 |    22 |       |       ||    51
         Leather armour    |       |    47 |    31 |       ||    78
         Steam dragon scal |       |       |    25 |   166 ||   191
         Skin              |       |       |     1 |       ||     1
         Acid dragon scale |       |       |       |    27 ||    27
  Dodge: Dodged            |    27 |    92 |    74 |   142 ||   335

Table legend: (Time is in decaauts)
 A = Elapsed time spent in this place.
 B = Non-inter-level travel time spent in this place.
 C = Inter-level travel time spent in this place.
 D = Time resting spent in this place.
 E = Time spent auto-exploring this place.
 F = Levels seen in this place.
 G = Mean time per level.
                   A        B        C        D        E       F      G
               +--------+--------+--------+--------+--------+-----+--------+
         Total |  16084 |  15319 |    765 |   1484 |  11317 |  15 | 1072.3 |
       Dungeon |  14937 |  14194 |    743 |   1484 |  10396 |  13 | 1149.0 |
        Temple |     63 |     42 |     21 |      0 |      0 |   1 |   63.0 |
         Sewer |   1083 |   1083 |      0 |      0 |    921 |   1 | 1083.0 |
               +--------+--------+--------+--------+--------+-----+--------+

Top non-repeatable levels by time:
     D:9: 1912 daAuts
    D:11: 1689 daAuts
     D:3: 1665 daAuts
     D:8: 1408 daAuts
     D:5: 1387 daAuts
     D:6: 1186 daAuts
   Sewer: 1083 daAuts
    D:10: 1074 daAuts
     D:1: 1041 daAuts
    D:12: 967 daAuts
    D:13: 824 daAuts
     D:7: 701 daAuts
     D:2: 549 daAuts
     D:4: 530 daAuts
  Temple: 63 daAuts
